 Dungeon Sprint DCSS version 0.23-a0-136-g722f094 (webtiles) character file.

78601 Kidiri the Warrior (level 15, -25/164 HPs)
             Began as a Naga Fighter on Aug 28, 2018.
             Was the Champion of Cheibriados.
             Killed from afar by an orb of fire (58 damage)
             ... with a bolt of fire
             ... in the Dungeon (Sprint V: "Ziggurat Sprint").
             The game lasted 00:12:24 (2427 turns).

Kidiri the Warrior (Naga Fighter)                   Turns: 2427, Time: 00:12:25

Health: -25/164    AC: 37    Str: 49    XL:     15   Next: 60%
Magic:  0/23       EV: 16    Int: 30    God:    Cheibriados [******]
Gold:   0          SH: 37    Dex: 31    Spells: 14/14 levels left

rFire    . . .     SeeInvis +   F - +14 obsidian axe {chop, +Fly SInv *Curse} (curse)
rCold    . . .     Gourm    .   H - +18 shield of the Gong {rElec rN+ MR+ EV-5}
rNeg     + . .     Faith    .   G - +15 Maxwell's patent armour {-Cast -Tele rElec MR+ rCorr}
rPois    +         Spirit   +   Q - +2 helmet {SInv}
rElec    +         Reflect  .   j - +0 cloak {rPois}
rCorr    +         Harm     .   (no gloves)
MR       +++..     NoTele   +   (no barding) Stlth ++++......NoCast +
                                N - amulet of Free Will {Spirit Int+7 Dex+4}
HPRegen  0.37/turn              A - +6 ring of strength
MPRegen  0.18/turn              B - +6 ring of strength

@: mesmerised, studying Throwing, very slow
A: large, see invisible, deformed body, low mp 1, poison resistance, slowness 2,
slow metabolism 1, spit poison 1, weak 1, constrict 1, AC +5
a: Spit Poison, Bend Time, Temporal Distortion, Slouch, Step From Time, Renounce
Religion, Evoke Flight


You were in the Dungeon.
You worshipped Cheibriados.
Cheibriados was exalted by your worship.
You were not hungry.

You visited 1 branch

Inventory:

Hand Weapons
 F - the cursed +14 obsidian axe (weapon) {chop, +Fly SInv *Curse}
   (You found it in the Dungeon)

   It inflicts extra damage upon your enemies.
   It lets you see invisible.
   It lets you fly.
   It curses itself when equipped.
   It has a curse placed upon it.
Armour
 j - a +0 cloak of poison resistance (worn)
 G - the +15 Maxwell's patent armour (worn) {-Cast -Tele rElec MR+ rCorr}
   (You found it in the Dungeon)

   It insulates you from electricity.
   It affects your resistance to hostile enchantments.
   It prevents spellcasting.
   It prevents most forms of teleportation.
   It provides partial protection from all sources of acid and corrosion.
 H - the +18 shield of the Gong (worn) {rElec rN+ MR+ EV-5}
   (You found it in the Dungeon)

   It affects your evasion (-5).
   It insulates you from electricity.
   It protects you from negative energy.
   It affects your resistance to hostile enchantments.
 Q - a +2 helmet of see invisible (worn)
Jewellery
 a - a +4 ring of slaying
 b - an uncursed ring of fire
 c - an uncursed ring of stealth
 h - the amulet of Foolhardiness {+Rage rC+ Str+3}
   (You found it in the Dungeon)

   [amulet of rage]

   It affects your strength (+3).
   It protects you from cold.
   It lets you go berserk.
 o - an uncursed ring of stealth
 w - a +6 ring of dexterity
 x - a +6 ring of dexterity
 y - a +6 ring of intelligence
 z - a +6 ring of intelligence
 A - a +6 ring of strength (left hand)
 B - a +6 ring of strength (right hand)
 I - a +3 ring of intelligence
 J - a +3 ring of dexterity
 N - the amulet of Free Will (around neck) {Spirit Int+7 Dex+4}
   (You found it in the Dungeon)

   [amulet of guardian spirit]

   It causes incoming damage to be split between your health and magic.
   It affects your intelligence (+7).
   It affects your dexterity (+4).
 P - the ring of Goer {rN+ Int+3 Stlth+}
   (You took it off a fire giant in the Dungeon)

   [ring of positive energy]

   It affects your intelligence (+3).
   It protects you from negative energy.
   It makes you more stealthy.
 R - an uncursed ring of protection from magic
 S - an uncursed ring of protection from fire
 T - a +3 ring of dexterity
 U - an uncursed ring of protection from cold
 V - a ring of the Octopus King {rCorr AC+1 EV+1 Str+1 Int+1 Dex+1}
   (You took it off a spriggan air mage in the Dungeon)

   [ring of resist corrosion]

   It affects your AC (+1).
   It affects your evasion (+1).
   It affects your strength (+1).
   It affects your intelligence (+1).
   It affects your dexterity (+1).
 W - the ring "Zietachiafe" {*Drain rPois rF+ rC++ Dex+3}
   (You found it in the Dungeon)

   [ring of poison resistance]

   It affects your dexterity (+3).
   It protects you from fire.
   It greatly protects you from cold.
   It protects you from poison.
   It causes draining when unequipped.
 X - the ring of Shadows {Umbra +Inv Stlth+}
   (You found it in the Dungeon)

   [ring of stealth]

   It lets you turn invisible.
   It makes you more stealthy.
 Y - the amulet of the Air {Inacc +Fly rElec EV+5 RMsl}
   (You found it in the Dungeon)

   [amulet of inaccuracy]

   It reduces the accuracy of all your attacks.
   It affects your evasion (+5).
   It insulates you from electricity.
   It lets you fly.
   It protects you from missiles.
Wands
 C - a wand of disintegration (7)
 D - a wand of iceblast (7)
 E - a wand of acid (7)
Scrolls
 k - 4 scrolls of blinking
 q - 4 scrolls of amnesia
 r - 7 scrolls of fog
 s - a scroll of holy word
 t - 5 scrolls of identify
 u - 5 scrolls of remove curse
 v - 2 scrolls of fear
 K - 3 scrolls of brand weapon
 M - 4 scrolls of enchant armour
 O - 4 scrolls of enchant weapon
Potions
 d - 7 potions of might
 e - 10 potions of curing
 g - 10 potions of heal wounds
 i - 7 potions of magic
 l - 2 potions of brilliance
 m - 2 potions of invisibility
 n - 4 potions of resistance
 p - 5 potions of agility
Books
 Z - a manual of Throwing
Comestibles
 f - 7 rations


   Skills:
 * Level 18.6 Fighting
 * Level 18.6 Axes
 * Level 16.1 Armour
 * Level 14.0 Dodging
 + Level 18.6 Stealth
 * Level 16.1 Shields
 + Level 14.9 Invocations


You had 14 spell levels left.
You didn't know any spells.
Your spell library was empty.

Dungeon Overview and Level Annotations

Branches:
Dungeon (1/1)

Altars:
Ashenzari
Cheibriados
Dithmenos
Elyvilon
Fedhas
Gozag
Hepliaklqana
Kikubaaqudgha
Makhleb
Nemelex Xobeh
Okawaru
Qazlal
Ru
Sif Muna
Trog
Uskayaw
Vehumet
Wu Jian
Xom
Yredelemnul
Zin
The Shining One
Beogh
Jiyva
Lugonu


Innate Abilities, Weirdness & Mutations

You cannot wear boots.
Your serpentine skin is tough. (AC +5)
You have supernaturally acute eyesight. (SInv)
Armour fits poorly on your strangely shaped body.
Your system is resistant to poisons. (rPois)
You cover ground very slowly.
You have a slow metabolism.
You can spit poison.
You can use your snake-like lower body to constrict enemies.
Your magical capacity is low. (-10% MP)
You are weak. (Str -2)


Message History

The hell hog breathes fire at you.
The fireball explodes!
The fireball engulfs you!
* * * LOW HITPOINT WARNING * * *
A fire vortex comes into view.
The orb of fire glows red.
Strange energies course through your body.
A balrug comes into view. It is wielding a demon whip of venom.
The orb of fire glows yellow.
The bolt of fire hits the fire dragon.
The fire dragon resists.
The bolt of fire hits you!
* * * LOW HITPOINT WARNING * * *
The fire dragon is engulfed in blazing flames.
An orb of fire comes into view.
Unknown command.
You feel much better.
The orb of fire glows red.
The bolt of fire hits the hell hog.
The hell hog resists.
The hell hog dies!
The bolt of fire hits you!
You die...

▓........
..}[R[=§2)v*§..▓....)...
.h..hhR2R:2§R..▓......))
..C..*CD....§§.▓..▓.....
.......§.*.R...▓.▓▓▓[)..
.....§.D..h....▓..▓.....
.......D.......▓........
.......§.......▓......©.
.......@.......▓▓▓▓▓▓▓▓▓
...▓.......▓... .
▓.▓.....▓.▓ .
...▓.......▓...
...............
.......©.......
▓▓▓▓▓▓▓▓▓▓▓▓▓▓▓


You could see 3 orbs of fire, 2 fire giants, 3 fire dragons, 3 balrugs, 3 hell
hogs, 5 efreet, a fire vortex and a hell hound.

Vanquished Creatures
  2 greater mummies (D)
  An acid blob (D)
  A thorn hunter (D)
  A shadow dragon (D)
  A nagaraja (D)
  3 fire giants (D)
  5 spriggan defenders (D)
  A ghoul (D)
  A stone giant (D)
  An apis (D)
  A dire elephant (D)
  A death ooze (D)
  A green death (D)
  8 fire dragons (D)
  2 great orbs of eyes (D)
  A naga warrior (D)
  9 vault guards (D)
  6 spriggan air magi (D)
  2 anacondas (D)
  7 hell hogs (D)
  A death scarab (D)
  6 spriggan berserkers (D)
  6 soul eaters (D)
  5 spriggan druids (D)
  3 shining eyes (D)
  A black mamba (D)
  2 naga magi (D)
  A guardian serpent (D)
  4 efreet (D)
  A rime drake (D)
  2 dryads (D)
  3 yaktaurs (D)
  2 guardian mummies (D)
  A wind drake (D)
  A hornet (D)
  A large abomination (D)
  2 spriggans (D)
  A yak (D)
  4 ushabtiu (D)
  A ynoxinul (D)
  6 fire elementals (D)
  A golden eye (D)
  2 neqoxecs (D)
  3 nagas (D)
  3 water moccasins (D)
  10 hell hounds (D)
  3 orc warriors (D)
  2 phantoms (D)
  2 swamp drakes (D)
  4 black bears (D)
  2 wolves (D)
  3 jellies (D)
  2 orc priests (D)
  An orc wizard (D)
  8 mummies (D)
  An adder (D)
  A river rat (D)
  A white imp (D)
  2 ufetubi (D)
  An adder zombie (D)
  An adder skeleton (D)
  2 orcs (D)
  A spectral bat (D)
  A bat skeleton (D)
  2 bat zombies (D)
  A jackal (D)
  3 ball pythons (D)
  A giant cockroach zombie (D)
  A leopard gecko skeleton (D)
  A quokka zombie (D)
  A spectral ball python (D)
  A butterfly (D)
  9 fire vortices (D)
186 creatures vanquished.

Vanquished Creatures (collateral kills)
  2 dire elephants (D)
  A death ooze (D)
  A great orb of eyes (D)
  A satyr (D)
  A spriggan druid (D)
  A shining eye (D)
  A dryad (D)
  3 slime creatures (D)
  A ynoxinul (D)
  A spriggan (D)
  A hell hound (D)
  A black bear (D)
  A phantom (D)
  A swamp drake (D)
  An eye of draining (D)
  A necrophage (D)
  2 wights (D)
  A crimson imp (D)
  2 jellies (D)
  An orc wizard (D)
  An iron imp (D)
  A river rat (D)
  A shadow imp (D)
  An ooze (D)
  A ball python (D)
  A bat skeleton (D)
  A bat zombie (D)
  A jackal (D)
  2 giant cockroach zombies (D)
  A leopard gecko zombie (D)
  A butterfly (D)
37 creatures vanquished.

Vanquished Creatures (others)
  A hell hog (D)
1 creature vanquished.

Grand Total: 224 creatures vanquished

Notes
Turn   | Place    | Note
-------+----------+-------------------------------------------
     0 | D        | Found the +6 Majin-Bo {vamp, Archmagi MP+6 Int+6}
     0 | D        | Found the +7 great mace "Firestarter" {inner flame, rF++}
     0 | D        | Kidiri the Naga Fighter began the quest for the Orb.
     0 | D        | Reached XP level 1. HP: 21/21 MP: 1/1
     0 | D        | Found a deep blue altar of Sif Muna.
     0 | D        | Found a bloodstained altar of Trog.
     0 | D        | Found a sacrificial altar of Ru.
     0 | D        | Found a stormy altar of Qazlal.
     0 | D        | Found an iron altar of Okawaru.
     1 | D        | Found a sparkling altar of Nemelex Xobeh.
     1 | D        | Found a blossoming altar of Fedhas.
     3 | D        | Found a transporter.
     3 | D        | Found an ancient bone altar of Kikubaaqudgha.
     3 | D        | Found a viscous altar of Jiyva.
     3 | D        | Found a corrupted altar of Lugonu.
     3 | D        | Found a hazy altar of Hepliaklqana.
     3 | D        | Found a burning altar of Makhleb.
     3 | D        | Found an opulent altar of Gozag.
    14 | D        | Found the +9 heavy crossbow "Sniper" {velocity, Acc+∞ SInv}
    14 | D        | Found the +10 dark maul {crush}
    14 | D        | Found the +15 Maxwell's patent armour {-Cast -Tele rElec
                  | MR+ rCorr}
    14 | D        | Found the +18 shield of the Gong {rElec rN+ MR+ EV-5}
    14 | D        | Found the cursed +14 obsidian axe {chop, +Fly SInv *Curse}
    15 | D        | Found the +6 shillelagh "Devastator" {shatter}
    15 | D        | Found the +11 plutonium sword {*Contam Stlth-}
    15 | D        | Found the +8 lance "Wyrmbane" {slay drac, rPois rF+ rC+
                  | AC+3}
    15 | D        | Found the +9 sword of Zonguldrok {reap}
    15 | D        | Found the cursed +13 scythe of Curses {drain, *Curse}
    15 | D        | Found the +0 sword of Power
    15 | D        | Found the +7 mace of Variability {chain chaos}
    15 | D        | Found the +7 Singing Sword
    15 | D        | Found the +7 longbow "Piercer" {penet, EV-2}
    94 | D        | Became a worshipper of Cheibriados the Contemplative
    95 | D        | Reached skill level 1 in Dodging
    95 | D        | Reached XP level 2. HP: 31/31 MP: 1/3
   133 | D        | Entered arena 2.
   133 | D        | Found a transporter.
   135 | D        | Reached * piety under Cheibriados
   144 | D        | Entered arena 3.
   144 | D        | Noticed a spriggan
   144 | D        | Noticed a black bear
   144 | D        | Noticed a black bear
   144 | D        | Found a transporter.
   147 | D        | Killed a black bear
   147 | D        | Reached skill level 5 in Fighting
   147 | D        | Reached XP level 3. HP: 29/39 MP: 3/5
   147 | D        | Reached XP level 4. HP: 34/46 MP: 3/6
   148 | D        | Killed a spriggan
   148 | D        | Reached ** piety under Cheibriados
   148 | D        | Reached skill level 5 in Axes
   148 | D        | Reached skill level 5 in Shields
   148 | D        | Reached XP level 5. HP: 41/55 MP: 3/7
   149 | D        | Killed a black bear
   149 | D        | Reached skill level 5 in Armour
   149 | D        | Reached XP level 6. HP: 48/63 MP: 3/9
   207 | D        | Entered arena 4.
   207 | D        | Noticed a swamp drake
   207 | D        | Noticed a rime drake
   207 | D        | Noticed a swamp drake
   207 | D        | Noticed a swamp drake
   207 | D        | Found a transporter.
   210 | D        | Killed a swamp drake
   211 | D        | Killed a rime drake
   211 | D        | Reached *** piety under Cheibriados
   211 | D        | Reached skill level 5 in Invocations
   211 | D        | Reached XP level 7. HP: 71/73 MP: 10/10
   211 | D        | Reached **** piety under Cheibriados
   231 | D        | Entered arena 5.
   231 | D        | Found a transporter.
   234 | D        | Reached ***** piety under Cheibriados
   234 | D        | Reached XP level 8. HP: 81/81 MP: 12/12
   280 | D        | Entered arena 6.
   280 | D        | Found a transporter.
   283 | D        | Reached ****** piety under Cheibriados
   288 | D        | Got the amulet of Foolhardiness {+Rage rC+ Str+3}
   307 | D        | Entered arena 7.
   307 | D        | Noticed a spriggan druid
   307 | D        | Noticed a spriggan
   308 | D        | Found a transporter.
   311 | D        | Killed a spriggan
   312 | D        | Killed a spriggan druid
   312 | D        | Reached skill level 5 in Dodging
   312 | D        | Reached XP level 9. HP: 89/92 MP: 12/14
   367 | D        | Entered arena 8.
   368 | D        | Found a transporter.
   412 | D        | Entered arena 9.
   412 | D        | Noticed a green death
   413 | D        | Found a transporter.
   416 | D        | Reached skill level 10 in Fighting
   418 | D        | Reached skill level 10 in Axes
   419 | D        | Killed a green death
   576 | D        | Entered arena 10.
   580 | D        | Found a transporter.
   581 | D        | Reached XP level 10. HP: 103/103 MP: 15/15
   632 | D        | Entered arena 11.
   633 | D        | Found the +9 staff of Wucad Mu {channel}
   633 | D        | Found the +10 zealot's sword {holy, *Rage rN+ EV+3}
   633 | D        | Found a transporter.
   757 | D        | Entered arena 12.
   757 | D        | Noticed a death ooze
   757 | D        | Noticed a shining eye
   757 | D        | Noticed a shining eye
   758 | D        | Noticed a shining eye
   758 | D        | Noticed a great orb of eyes
   758 | D        | Noticed a shining eye
   758 | D        | Noticed a great orb of eyes
   758 | D        | Gained mutation: You are weak. (Str -2) [a shining eye]
   759 | D        | Killed a death ooze
   760 | D        | Gained mutation: Your magical capacity is low. (-10% MP) [a
                  | shining eye]
   761 | D        | Found a transporter.
   762 | D        | Killed a shining eye
   763 | D        | Killed a shining eye
   764 | D        | Killed a shining eye
   765 | D        | Killed a great orb of eyes
   765 | D        | Reached skill level 10 in Armour
   765 | D        | Reached skill level 10 in Shields
   766 | D        | Killed a great orb of eyes
   766 | D        | Reached XP level 11. HP: 107/114 MP: 1/16
   767 | D        | Killed a shining eye
   850 | D        | Entered arena 13.
   850 | D        | Noticed an acid blob
   851 | D        | Noticed a great orb of eyes
   851 | D        | Noticed a death ooze
   852 | D        | Found a transporter.
   854 | D        | Killed a death ooze
   855 | D        | Killed an acid blob
   857 | D        | Killed a great orb of eyes
   858 | D        | Reached skill level 10 in Invocations
   884 | D        | Entered arena 14.
   885 | D        | Noticed a spriggan defender
   885 | D        | Noticed a spriggan druid
   885 | D        | Noticed a spriggan berserker
   885 | D        | Noticed a spriggan berserker
   885 | D        | Noticed a dire elephant
   885 | D        | Noticed a dire elephant
   885 | D        | Noticed a spriggan druid
   885 | D        | Noticed a thorn hunter
   885 | D        | Noticed a spriggan druid
   887 | D        | Noticed a death yak
   887 | D        | Killed a spriggan berserker
   889 | D        | Killed a spriggan defender
   890 | D        | Killed a spriggan berserker
   891 | D        | Killed a spriggan druid
   891 | D        | Reached XP level 12. HP: 90/126 MP: 17/17
   895 | D        | Killed a thorn hunter
   895 | D        | Killed a dire elephant
   895 | D        | Killed a dire elephant
   896 | D        | Found a transporter.
  1163 | D        | Entered arena 15.
  1164 | D        | Noticed a vault guard
  1164 | D        | Noticed a vault guard
  1164 | D        | Noticed a vault guard
  1164 | D        | Noticed a vault guard
  1164 | D        | Noticed a vault guard
  1164 | D        | Noticed a vault guard
  1164 | D        | Noticed a stone giant
  1164 | D        | Noticed a vault guard
  1164 | D        | Noticed a vault guard
  1165 | D        | Noticed a vault guard
  1167 | D        | Reached skill level 1 in Stealth
  1168 | D        | Killed a vault guard
  1168 | D        | Killed a vault guard
  1168 | D        | Killed a vault guard
  1168 | D        | Reached skill level 5 in Stealth
  1168 | D        | Killed a vault guard
  1168 | D        | Killed a vault guard
  1168 | D        | Killed a vault guard
  1168 | D        | Killed a vault guard
  1168 | D        | Gained mutation: You can use your snake-like lower body to
                  | constrict enemies. [Naga growth]
  1168 | D        | Reached XP level 13. HP: 136/136 MP: 8/19
  1168 | D        | Killed a vault guard
  1168 | D        | Killed a vault guard
  1169 | D        | Found a transporter.
  1173 | D        | Killed a stone giant
  1173 | D        | Reached skill level 15 in Fighting
  1268 | D        | Entered arena 16.
  1269 | D        | Noticed a nagaraja
  1271 | D        | Found the +4 moon troll leather armour {Spirit, Regen++
                  | MP+5}
  1271 | D        | Reached skill level 15 in Axes
  1271 | D        | Reached skill level 10 in Dodging
  1272 | D        | Reached skill level 10 in Stealth
  1273 | D        | Killed a nagaraja
  1278 | D        | Found a transporter.
  1307 | D        | Got the amulet of Free Will {Spirit Int+7 Dex+4}
  1429 | D        | Entered arena 17.
  1432 | D        | Noticed a ghoul
  1434 | D        | Noticed a shadow dragon
  1439 | D        | Killed a ghoul
  1444 | D        | Killed a shadow dragon
  1445 | D        | Found a transporter.
  1500 | D        | Entered arena 18.
  1503 | D        | Noticed a greater mummy
  1503 | D        | Noticed a greater mummy
  1514 | D        | Killed a greater mummy
  1514 | D        | Reached XP level 14. HP: 75/151 MP: 1/21
  1515 | D        | Noticed a reaper
  1515 | D        | Found a transporter.
  1523 | D        | Killed a greater mummy
  1523 | D        | Reached skill level 15 in Stealth
  1782 | D        | Entered arena 19.
  1787 | D        | Noticed a fire giant
  1787 | D        | Noticed a fire giant
  1790 | D        | Killed a fire giant
  1794 | D        | Killed a fire giant
  1810 | D        | Found a transporter.
  2005 | D        | Entered arena 20.
  2012 | D        | Noticed a fire giant
  2015 | D        | Reached skill level 15 in Armour
  2015 | D        | Reached skill level 15 in Shields
  2018 | D        | Killed a fire giant
  2018 | D        | Reached XP level 15. HP: 57/159 MP: 3/23
  2020 | D        | Found a transporter.
  2045 | D        | Got the ring of Goer {rN+ Int+3 Stlth+}
  2269 | D        | Entered arena 21.
  2274 | D        | Found the ring of Shadows {Umbra +Inv Stlth+}
  2274 | D        | Found the +3 robe of Folly {Archmagi, MR-- Int+5}
  2275 | D        | Found the amulet of the Air {Inacc +Fly rElec EV+5 RMsl}
  2280 | D        | Found a transporter.
  2332 | D        | Got a ring of the Octopus King {rCorr AC+1 EV+1 Str+1 Int+1
                  | Dex+1}
  2345 | D        | Got the ring "Zietachiafe" {*Drain rPois rF+ rC++ Dex+3}
  2420 | D        | Entered arena 22.
  2424 | D        | Noticed an orb of fire
  2425 | D        | Noticed a fire giant
  2425 | D        | Noticed a fire giant
  2425 | D        | Noticed a balrug
  2425 | D        | Noticed an orb of fire
  2425 | D        | Noticed a balrug
  2425 | D        | Noticed a fire giant
  2426 | D        | Noticed a balrug
  2426 | D        | Noticed an orb of fire
  2427 | D        | Killed from afar by an orb of fire

Vault maps used:
D:        sprint_v

Skill      XL: |  1  2  3  4  5  6  7  8  9 10 11 12 13 14 15 |
---------------+----------------------------------------------+-----
Fighting       | 4 5 6 7 8 9 10 12 13 14 16 17 18 | 18.6
Axes           | 3 4 5 6 7 8 9 10 11 13 14 16 17 18 | 18.6
Armour         | 3 4 5 6 7 9 10 11 12 14 15 16 | 16.1
Dodging        | 1 2 3 4 5 7 8 9 11 13 14 | 14.0
Shields        | 3 4 5 6 7 9 10 11 12 14 15 16 | 16.1
Invocations    | 2 3 4 5 6 7 9 10 11 13 14 | 14.9
Stealth        | 7 14 17 18 | 18.6

Action                   |  1- 3 |  4- 6 |  7- 9 | 10-12 | 13-15 || total
-------------------------+-------+-------+-------+-------+-------++-------
Melee: Broad axe         |     3 |     4 |    28 |    25 |    55 ||   115
       Constrict         |       |       |       |       |     9 ||     9
Invok: Slouch            |       |       |       |     2 |    17 ||    19
  Use: Potion            |     1 |       |       |       |     4 ||     5
 Stab: Distracted        |       |       |     1 |     3 |     1 ||     5
  Eat: Ration            |       |       |       |       |     1 ||     1
Armor: Plate armour      |     3 |     6 |    14 |    17 |    49 ||    89
Dodge: Dodged            |       |       |     5 |     5 |    29 ||    39
Block: Shield            |     7 |    13 |    63 |    49 |   136 ||   268

Table legend:
 A = Non-vault XP
 B = Vault XP
 C = Vault XP percentage of total XP
 D = Non-vault monster count
 E = Vault monster count
 F = Vault count percentage of total count
                 A         B        C        D         E       F
            +---------+---------+-------+---------+---------+-------
      Total |     250 |  112028 |  99.8 |       1 |     212 |  99.5
            +---------+---------+-------+---------+---------+-------
          D |     250 |  112028 |  99.8 |       1 |     212 |  99.5
            +---------+---------+-------+---------+---------+-------
